 Dungeon Crawl Stone Soup version 0.18-a0-1426-g3b9a63c (webtiles) character file.

14 namelastname112 the Ruffian (level 2, -2/34 HPs)
             Began as a Draconian Transmuter on Feb 27, 2016.
             Slain by a goblin (3 damage)
             ... on level 1 of the Dungeon.
             The game lasted 00:00:59 (794 turns).

namelastname112 the Ruffian (Draconian Transmuter)   Turns: 794, Time: 00:00:59

Health: -2/34      AC: 21    Str: 12    XL:     2   Next: 27%
Magic:  5/5        EV:  2    Int: 13    God:
Gold:   27         SH:  0    Dex: 11    Spells: 1 memorised, 4 levels left

rFire  . . .     SeeInvis .       - Unarmed
rCold  . . .     Gourm    .     (armour unavailable)
rNeg   + + +     Faith    .     (no shield)
rPois  +         Spirit   .     (helmet currently unavailable)
rElec  .         Dismiss  .     (cloak currently unavailable)
rCorr  .         Reflect  .     (gloves currently unavailable)
SustAt .         Harm     .     (boots currently unavailable)
MR     .....     NoTele   +     (no amulet)
Stlth  +.........               (no ring)
                                i - ring of wizardry

@: tree-form, not resistant to hostile enchantments, very unstealthy
A: unfitting armour, (cold-blooded), AC +4
a: no special abilities


You were on level 1 of the Dungeon.
You were not hungry.
You were a tree.
You visited 1 branch of the dungeon, and saw 1 of its levels.

You collected 27 gold pieces.

Inventory:

Missiles
 a - 12 arrows
Jewellery
 i - a ring of wizardry (left branch)
Scrolls
 f - 2 scrolls of identify {unknown}
 g - a scroll of fog {unknown}
 j - a scroll of fear {unknown}
Potions
 d - a potion of might {unknown}
 e - a potion of heal wounds {unknown}
 h - a potion of lignification
Books
 b - a book of Changes

   Spells                             Type                      Level
   a - Beastly Appendage              Transmutation                1
   b - Sticks to Snakes               Transmutation                2
   c - Spider Form                    Transmutation/Poison         3
   d - Ice Form                       Ice/Transmutation            4
   e - Blade Hands                    Transmutation                5
Comestibles
 c - a bread ration


   Skills:
 - Level 1.1 Fighting
 - Level 1.7 Dodging
 + Level 3.7 Unarmed Combat
 - Level 2.0 Spellcasting
 - Level 2.0 Transmutations


You had 4 spell levels left.
You knew the following spells:

 Your Spells              Type           Power        Failure   Level  Hunger
a - Beastly Appendage     Trmt           #.....       4%          1    ##.....


Dungeon Overview and Level Annotations

Branches:
Dungeon (1/15)

Altars:


Innate Abilities, Weirdness & Mutations

((Your plain brown scales are hard (AC +4).))
Your body does not fit into most forms of armour.
((You are cold-blooded and may be slowed by cold attacks.))


Message History

The kobold hits the plant but does no damage.
The kobold throws a stone.
The stone hits you.
* * * LOW HITPOINT WARNING * * *
You see here a stone.
Something hits the bush but does no damage. x2
The kobold throws a stone.
The stone completely misses you.
You see here a stone.
A goblin comes into view.
The goblin shouts!
The goblin wields a hunting sling.
The goblin shoots a stone.
The stone hits you.
* * * LOW HITPOINT WARNING * * *
You see here a stone.
The goblin unwields an uncursed hunting sling.
The goblin hits you.
* * * LOW HITPOINT WARNING * * *
Drink which item? (? for menu, Esc to quit)
It was a potion of lignification.
You turn into a tree.
Your roots penetrate the ground.
The goblin hits you.
You die...

##### #...#####
##########.#.#.#.##
..................#
###.#####.##.#.#.## #.#
#.#.......#
#.#####.##.#>#.########
#............g♣.(.K...#
###..####.##.#.#.######.#
...................# #.#
.....###...........# #.#
####..##...........# #K#
##>##...........####.#
#.##................##
#.##.............#...#
#.##..........###..#.#


You could see a goblin and a kobold.

Vanquished Creatures
  A dart slug (D:1)
  A giant cockroach (D:1)
  2 goblins (D:1)
  2 hobgoblins (D:1)
  A bat (D:1)
  3 giant newts (D:1)
  A kobold (D:1)
  A rat (D:1)
12 creatures vanquished.

Notes
Turn   | Place    | Note
--------------------------------------------------------------
     0 | D:1      | namelastname112 the Draconian Transmuter began the quest for the Orb.
     0 | D:1      | Reached XP level 1. HP: 16/16 MP: 3/3
   265 | D:1      | Reached XP level 2. HP: 10/23 MP: 5/5
   793 | D:1      | HP: 1/23 [goblin (4)]
   794 | D:1      | Slain by a goblin

Vault maps used:
D:1:      dpeg_arrival_simpleton_b, st_stairs_8, serial_park_tiny_2,
          lexackson_kobold_supper

Action                   || total
-------------------------++-------
Melee: Unarmed           ||    50
  Use: Potion            ||     1
